AoeStats
← 7thSKINS

Arena

506361539Analyzed
1v1 RM · 19d ago on Sep 13, 2026· 43m 53s· 2 players
Game mode
Random Map
Map size
Tiny (2 player)
Population
200
Speed
Normal
Resources
Standard
Victory
Conquest
Starting age
Dark Age
Ending age
Imperial Age
RankedLock teamsTeams togetherTeam positionsShared explorationLock speedFull tech treeHidden civsTurbo modeCheats
Victory
Defeat
🇷🇴 Hindustanis · Romania
459
+14
🇧🇷 Vietnamese · Brazil
415
-14
Jé !
12:38 Feudal Age
13:07 Double-Bit Axe
17:55 Fletching
18:07 Padded Archer Armor
19:01 Gold Mining
18:59 Horse Collar
25:33 Castle Age
25:18 Man-at-Arms
26:14 Scale Mail Armor
29:56 Wheelbarrow
29:33 Bow Saw
29:26 Heavy Plow
28:57 Long Swordsman
29:52 Elite Skirmisher
30:33 Stone Mining
32:40 Stone Shaft Mining
32:24 Hand Cart
35:12 Thumb Ring
37:19 Bodkin Arrow
40:20 Chatras
7thSKINS
0:36 Loom
12:45 Feudal Age
13:06 Horse Collar
13:12 Double-Bit Axe
13:28 Gold Mining
13:30 Stone Mining
18:01 Town Watch
19:47 Fletching
19:59 Scale Mail Armor
20:10 Forging
22:36 Castle Age
20:33 Man-at-Arms
23:25 Heavy Plow
23:22 Bodkin Arrow
23:39 Bow Saw
22:54 Elite Skirmisher
23:36 Squires
23:10 Long Swordsman
23:11 Pikeman
24:36 Thumb Ring
30:21 Town Watch
31:11 Wheelbarrow
31:11 Chain Mail Armor
32:45 Iron Casting
33:43 Ballistics
33:19 Murder Holes
33:35 Fortified Wall
38:41 Imperial Age
39:12 Two-Handed Swordsman
40:15 Guard Tower
41:26 Chemistry
40:32 Siege Engineers
40:38 Masonry
40:56 Bracer
43:20 Blast Furnace
43:51 Grand Trunk Road
Connection lost

Rejoining the realm…

Still unreachable

The connection could not be restored.

Session expired

The server has moved on; the page needs a fresh start.